 Dungeon Crawl Stone Soup version 0.30-a0-840-ga523dec638 (webtiles) character file.

Game seed: 9063700946491933414

410 retardedninja the Shield-Bearer (level 6, -1/53 HPs)
             Began as a Gnoll Fighter on Mar 1, 2023.
             Slain by a goblin
             ... wielding a +0 club
              (3 damage)
             ... on level 4 of the Dungeon.
             The game lasted 00:03:27 (2257 turns).

retardedninja the Shield-Bearer (Gnoll Fighter)     Turns: 2257, Time: 00:03:28

Health: -1/53      AC: 12    Str: 17    XL:     6   Next: 89%
Magic:  9/9        EV:  9    Int:  7    God:
Gold:   120        SH: 10    Dex: 12    Spells: 9/9 levels left

rFire   . . .      SeeInvis .    a - +1 flail
rCold   + + +      Faith    .    c - +0 buckler
rNeg    . . .      Spirit   .    d - +1 ice dragon scales
rPois   +          Reflect  +    (no helmet)
rElec   +          Harm     .    (no cloak)
rCorr   +          Rampage  .    (no gloves)
Will    .....                    (no boots) Stlth
                                 l - amulet of reflection
HPRegen 0.28/turn                (no ring)
MPRegen 0.11/turn                (no ring)

@: resistant, hasted, very quick
A: fangs 1, strong nose, distributed training
a: no special abilities


You were on level 4 of the Dungeon.
You visited 1 branch of the dungeon, and saw 4 of its levels.

You collected 120 gold pieces.

Inventory:

Hand Weapons
 a - a +1 flail (weapon)
Armour
 c - a +0 buckler (worn)
 d - +1 ice dragon scales (worn)
Jewellery
 l - an amulet of reflection (around neck)
Wands
 f - a wand of flame (9)
Scrolls
 i - 2 scrolls of teleportation
 j - a scroll of magic mapping
Potions
 b - 2 potions of degeneration


   Skills:
 + Level 6.9 Fighting
 + Level 2.2 Short Blades
 + Level 2.2 Long Blades
 + Level 2.2 Axes
 + Level 5.1 Maces & Flails
 + Level 2.2 Polearms
 + Level 2.2 Staves
 + Level 2.2 Ranged Weapons
 + Level 2.2 Throwing
 + Level 6.9 Armour
 + Level 2.2 Dodging
 + Level 2.2 Stealth
 + Level 6.9 Shields
 + Level 2.2 Unarmed Combat
 + Level 2.2 Spellcasting
 + Level 1.8 Conjurations
 + Level 1.8 Hexes
 + Level 1.8 Summonings
 + Level 1.8 Necromancy
 + Level 1.8 Translocations
 + Level 1.8 Transmutations
 + Level 1.8 Fire Magic
 + Level 1.8 Ice Magic
 + Level 1.8 Air Magic
 + Level 1.8 Earth Magic
 + Level 1.8 Poison Magic
 + Level 2.5 Invocations
 + Level 2.2 Evocations


You had 9 spell levels left.
You didn't know any spells.
Your spell library was empty.

Dungeon Overview and Level Annotations

Branches:
Dungeon (4/15)
 Temple: D:4-7

Altars:

Annotations:
D:4 Dowan


Innate Abilities, Weirdness & Mutations

You have very sharp teeth.
Your uncanny sense of smell can sniff out nearby items.
Your experience applies equally to all skills.


Message History

The goblin completely misses you. Duvessa hits you with a +0 rapier.
Dowan gestures at you while chanting. The puff of frost hits you. You resist.
You hit Duvessa but do no damage.
Duvessa is severely wounded.
You block the worm's attack. You block the goblin's attack.
You block Duvessa's attack. Dowan hits you but does no damage.
You sock Duvessa!
Duvessa is almost dead.
A ball python comes into view.
You barely miss Duvessa.
Duvessa is almost dead.
The ball python hisses angrily.
The goblin hits you but does no damage.
Duvessa says, "When magic and the sword combine, nothing stands against them."
You block Duvessa's attack. You block Dowan's attack. The worm bites you.
You thump Duvessa!
You kill Duvessa!
Dowan screams, "No!
Oh no!"
Dowan seems to find hidden reserves of power!
Dowan hits you but does no damage. You block the goblin's attack.
Dowan says, "Her death will not be in vain!"
Dowan barely misses you.
Things that are here:
a +0 rapier; a +0 ring mail; a fizzy white potion You completely miss Dowan.
Your bite misses Dowan. You block Dowan's attack.
You block the goblin's attack.
You hit Dowan but do no damage.
Dowan gestures wildly while chanting.
Dowan blinks!
You block the goblin's attack. You block the worm's attack.
Dowan gestures at you while chanting. The stone arrow hits you!
* * * LOW HITPOINT WARNING * * *
You closely miss the goblin.
Dowan points at you and mumbles some strange words.
The shard of ice hits you! You partially resist.
* * * LOW HITPOINT WARNING * * *
The goblin hits you with a +0 club.
You die...

##### ..#####...#######
......<#........#
..#.##......###.########
###..#.............
.w.#..##...@.......
###.......wSg......#
#####...†.........
............e.<..
............###..
............... .
...............#
.............#...
............####


You could see Dowan (fast), a worm, a goblin and a ball python.

Vanquished Creatures
  Sigmund (D:3)
  Duvessa (D:4)
  3 gnolls (D:2)
  6 adders
  3 worms
  2 dart slugs (D:1)
  An orc (D:2)
  4 endoplasms
  3 giant cockroaches
  6 goblins
  11 hobgoblins
  3 jackals (D:2)
  6 quokkas
  6 ball pythons
  A bat (D:1)
  6 frilled lizards
  2 kobolds (D:1)
  3 rats
68 creatures vanquished.

Notes
Turn   | Place    | Note
-------+----------+-------------------------------------------
     0 | D:1      | retardedninja the Gnoll Fighter began the quest for the
                  | Orb.
     0 | D:1      | Reached XP level 1. HP: 23/23 MP: 1/1
   201 | D:1      | Reached XP level 2. HP: 29/29 MP: 2/2
   385 | D:1      | Reached XP level 3. HP: 34/35 MP: 3/3
   641 | D:2      | Reached skill level 1 in Invocations
   714 | D:2      | Reached skill level 1 in Short Blades
   714 | D:2      | Reached skill level 1 in Long Blades
   714 | D:2      | Reached skill level 1 in Axes
   714 | D:2      | Reached skill level 1 in Polearms
   714 | D:2      | Reached skill level 1 in Staves
   714 | D:2      | Reached skill level 1 in Ranged Weapons
   714 | D:2      | Reached skill level 1 in Throwing
   714 | D:2      | Reached skill level 1 in Dodging
   714 | D:2      | Reached skill level 1 in Stealth
   714 | D:2      | Reached skill level 1 in Unarmed Combat
   714 | D:2      | Reached skill level 1 in Spellcasting
   714 | D:2      | Reached skill level 1 in Evocations
   845 | D:2      | Reached XP level 4. HP: 35/41 MP: 5/5
   850 | D:2      | Reached skill level 1 in Conjurations
   850 | D:2      | Reached skill level 1 in Hexes
   850 | D:2      | Reached skill level 1 in Summonings
   850 | D:2      | Reached skill level 1 in Necromancy
   850 | D:2      | Reached skill level 1 in Translocations
   850 | D:2      | Reached skill level 1 in Transmutations
   850 | D:2      | Reached skill level 1 in Fire Magic
   850 | D:2      | Reached skill level 1 in Ice Magic
   850 | D:2      | Reached skill level 1 in Air Magic
   850 | D:2      | Reached skill level 1 in Earth Magic
   850 | D:2      | Reached skill level 1 in Poison Magic
  1012 | D:2      | You fall into a shaft and drop 1 floor!
  1124 | D:3      | Reached XP level 5. HP: 47/47 MP: 7/7
  1179 | D:3      | Noticed Sigmund
  1195 | D:3      | Killed Sigmund
  1196 | D:3      | Reached skill level 5 in Maces & Flails
  1196 | D:3      | Reached XP level 6. HP: 24/53 MP: 7/9
  2222 | D:4      | Noticed Dowan
  2223 | D:4      | Noticed Duvessa
  2251 | D:4      | Killed Duvessa
  2257 | D:4      | HP: 2/53 [Dowan/shard of ice (9)]
  2257 | D:4      | Slain by a goblin

Illustrated notes

Levels and vault maps discovered:
D:1:      dpeg_arrival_pond, layout_loops_ring
D:2:      layout_rooms
D:3:      layout_basic, uniq_sigmund
D:4:      layout_rooms, okawaru_ov_weapons_minmay, uniq_duvessa

Skill      XL: |  1  2  3  4  5 |
---------------+----------------+-----
Invocations    | 1 2 |  2.5
Short Blades   | 1 2 |  2.2
Long Blades    | 1 2 |  2.2
Axes           | 1 2 |  2.2
Polearms       | 1 2 |  2.2
Staves         | 1 2 |  2.2
Ranged Weapons | 1 2 |  2.2
Throwing       | 1 2 |  2.2
Dodging        | 1 2 |  2.2
Stealth        | 1 2 |  2.2
Unarmed Combat | 1 2 |  2.2
Spellcasting   | 1 2 |  2.2
Evocations     | 1 2 |  2.2
Conjurations   | 1 |  1.8
Hexes          | 1 |  1.8
Summonings     | 1 |  1.8
Necromancy     | 1 |  1.8
Translocations | 1 |  1.8
Transmutations | 1 |  1.8
Fire Magic     | 1 |  1.8
Ice Magic      | 1 |  1.8
Air Magic      | 1 |  1.8
Earth Magic    | 1 |  1.8
Poison Magic   | 1 |  1.8
Maces & Flails | 5 |  5.1
Fighting       | |  6.9
Armour         | |  6.9
Shields        | |  6.9

Action                     |  1- 3 |  4- 6 || total
---------------------------+-------+-------++-------
  Melee: Flail             |   124 |   103 ||   227
         Bite              |     8 |    10 ||    18
    Use: Potion            |     1 |     4 ||     5
         Scroll            |       |     9 ||     9
 Armour: Scale mail        |    48 |     8 ||    56
         Ice dragon scales |       |    31 ||    31
  Dodge: Dodged            |    61 |    43 ||   104
  Block: Buckler           |    34 |    65 ||    99

Table legend: (Time is in decaauts)
 A = Elapsed time spent in this place.
 B = Non-inter-level travel time spent in this place.
 C = Inter-level travel time spent in this place.
 D = Time resting spent in this place.
 E = Time spent auto-exploring this place.
 F = Levels seen in this place.
 G = Mean time per level.
                   A        B        C        D        E       F      G
               +--------+--------+--------+--------+--------+-----+--------+
         Total |   2292 |   2145 |    147 |    308 |   1339 |   4 |  573.0 |
       Dungeon |   2292 |   2145 |    147 |    308 |   1339 |   4 |  573.0 |
               +--------+--------+--------+--------+--------+-----+--------+

Top non-repeatable levels by time:
     D:3: 1119 daAuts
     D:1: 646 daAuts
     D:2: 489 daAuts
     D:4: 37 daAuts
